%YAML 1.1
%TAG !u! tag:unity3d.com,2011:
--- !u!243 &-7641663295580367901
AudioMixerGroupController:
  m_ObjectHideFlags: 0
  m_CorrespondingSourceObject: {fileID: 0}
  m_PrefabInstance: {fileID: 0}
  m_PrefabAsset: {fileID: 0}
  m_Name: SFX
  m_AudioMixer: {fileID: 24100000}
  m_GroupID: 324a5640c27c5a247ae6fc8852fbac67
  m_Children: []
  m_Volume: 9eb80cdc6676f114f975ba6f77540717
  m_Pitch: d4971207516c0e449b7cfa3b77388736
  m_Send: 00000000000000000000000000000000
  m_Effects:
  - {fileID: 7711493481434217037}
  m_UserColorIndex: 0
  m_Mute: 0
  m_Solo: 0
  m_BypassEffects: 0
--- !u!243 &-7076979144814656937
AudioMixerGroupController:
  m_ObjectHideFlags: 0
  m_CorrespondingSourceObject: {fileID: 0}
  m_PrefabInstance: {fileID: 0}
  m_PrefabAsset: {fileID: 0}
  m_Name: Music
  m_AudioMixer: {fileID: 24100000}
  m_GroupID: 9cb4730e04fd02b44bc51b7bb0e9af34
  m_Children: []
  m_Volume: 6732b3e96354fbc42bdc8a65b6022a52
  m_Pitch: 9bbfc2d9d54a32c4d922ec1fdd3262e9
  m_Send: 00000000000000000000000000000000
  m_Effects:
  - {fileID: -5317021990939199134}
  m_UserColorIndex: 0
  m_Mute: 0
  m_Solo: 0
  m_BypassEffects: 0
--- !u!244 &-5317021990939199134
AudioMixerEffectController:
  m_ObjectHideFlags: 3
  m_CorrespondingSourceObject: {fileID: 0}
  m_PrefabInstance: {fileID: 0}
  m_PrefabAsset: {fileID: 0}
  m_Name: 
  m_EffectID: c830c3c71be83ec4c8a4d23c14ee398b
  m_EffectName: Attenuation
  m_MixLevel: ca95e9cd0911e064b8e4d2b7b2da803c
  m_Parameters: []
  m_SendTarget: {fileID: 0}
  m_EnableWetMix: 0
  m_Bypass: 0
--- !u!241 &24100000
AudioMixerController:
  m_ObjectHideFlags: 0
  m_CorrespondingSourceObject: {fileID: 0}
  m_PrefabInstance: {fileID: 0}
  m_PrefabAsset: {fileID: 0}
  m_Name: AudioMixer
  m_OutputGroup: {fileID: 0}
  m_MasterGroup: {fileID: 24300002}
  m_Snapshots:
  - {fileID: 24500006}
  m_StartSnapshot: {fileID: 24500006}
  m_SuspendThreshold: -80
  m_EnableSuspend: 1
  m_UpdateMode: 0
  m_ExposedParameters:
  - guid: 6732b3e96354fbc42bdc8a65b6022a52
    name: musicVol
  - guid: 9eb80cdc6676f114f975ba6f77540717
    name: sfxVol
  m_AudioMixerGroupViews:
  - guids:
    - 9022fd0a3baea704395bfa25cb90b32f
    - 9cb4730e04fd02b44bc51b7bb0e9af34
    - 324a5640c27c5a247ae6fc8852fbac67
    name: View
  m_CurrentViewIndex: 0
  m_TargetSnapshot: {fileID: 24500006}
--- !u!243 &24300002
AudioMixerGroupController:
  m_ObjectHideFlags: 0
  m_CorrespondingSourceObject: {fileID: 0}
  m_PrefabInstance: {fileID: 0}
  m_PrefabAsset: {fileID: 0}
  m_Name: Master
  m_AudioMixer: {fileID: 24100000}
  m_GroupID: 9022fd0a3baea704395bfa25cb90b32f
  m_Children:
  - {fileID: -7076979144814656937}
  - {fileID: -7641663295580367901}
  m_Volume: c076da030970d664fa1f8cdd4b1c45dc
  m_Pitch: 73aacbfd2e6a8bb44a4fc56788bdaf07
  m_Send: 00000000000000000000000000000000
  m_Effects:
  - {fileID: 24400004}
  m_UserColorIndex: 0
  m_Mute: 0
  m_Solo: 0
  m_BypassEffects: 0
--- !u!244 &24400004
AudioMixerEffectController:
  m_ObjectHideFlags: 3
  m_CorrespondingSourceObject: {fileID: 0}
  m_PrefabInstance: {fileID: 0}
  m_PrefabAsset: {fileID: 0}
  m_Name: 
  m_EffectID: 3d4faa7f8c008194d839a6f389d7431b
  m_EffectName: Attenuation
  m_MixLevel: 11a0056eecd2a6548a8977f379fe33cb
  m_Parameters: []
  m_SendTarget: {fileID: 0}
  m_EnableWetMix: 0
  m_Bypass: 0
--- !u!245 &24500006
AudioMixerSnapshotController:
  m_ObjectHideFlags: 0
  m_CorrespondingSourceObject: {fileID: 0}
  m_PrefabInstance: {fileID: 0}
  m_PrefabAsset: {fileID: 0}
  m_Name: Snapshot
  m_AudioMixer: {fileID: 24100000}
  m_SnapshotID: 246daa69dae45bc41971c993c5045ef0
  m_FloatValues: {}
  m_TransitionOverrides: {}
--- !u!244 &7711493481434217037
AudioMixerEffectController:
  m_ObjectHideFlags: 3
  m_CorrespondingSourceObject: {fileID: 0}
  m_PrefabInstance: {fileID: 0}
  m_PrefabAsset: {fileID: 0}
  m_Name: 
  m_EffectID: 52ea0b047cc9629438c6a8860b0ed6be
  m_EffectName: Attenuation
  m_MixLevel: 8ecf98d755e072b48b458e32689020ad
  m_Parameters: []
  m_SendTarget: {fileID: 0}
  m_EnableWetMix: 0
  m_Bypass: 0
